 Dungeon Crawl Stone Soup version 0.30-a0-168-g0b976cbdc4 (webtiles) character file.

Game seed: 13439297126660280491

28 qw the Shield-Bearer (level 3, -1/23 HPs)
             Began as a Gargoyle Fighter on Sept 29, 2022.
             Killed from afar by Sigmund (7 damage)
             ... with a magic dart
             ... on level 2 of the Dungeon.
             The game lasted 00:00:16 (777 turns).

qw the Shield-Bearer (Gargoyle Fighter)              Turns: 777, Time: 00:00:17

Health: -1/23      AC: 13    Str: 21    XL:     3   Next: 12%
Magic:  3/3        EV:  9    Int:  8    God:
Gold:   8          SH:  4    Dex: 12    Spells: 2/2 levels left

rFire   . . .      SeeInvis .    Y - +0 war axe
rCold   . . .      Faith    .    c - +0 buckler
rNeg    + . .      Spirit   .    b - +0 scale mail
rPois   inf        Reflect  .    (no helmet)
rElec   +          Harm     .    (no cloak)
rCorr   .          Rampage  .    a - +1 pair of gloves {Dex+3}
Will    .....                    h - +0 pair of boots
Stlth   ..........               (no amulet)
HPRegen 0.07/turn                (no ring)
MPRegen 0.08/turn                (no ring)

@: no status effects
A: sickness immunity, AC +3, negative energy resistance 1, electricity
resistance, torment resistance 1, petrification resistance
a: no special abilities


You were on level 2 of the Dungeon.
You visited 1 branch of the dungeon, and saw 2 of its levels.

You collected 8 gold pieces.


Innate Abilities, Weirdness & Mutations

You are immune to sickness and miasma.
Your stone body is resilient. (AC +3)
You are immune to poison.
You resist negative energy. (rN+)
You are resistant to electric shocks. (rElec)
You are resistant to unholy torment.
You are immune to petrification.


   Skills:
 - Level 3.2 Fighting
 + Level 3.2 Axes
 - Level 3.2 Armour
 - Level 3.2 Shields


You had 2 spell levels left.
You didn't know any spells.
Your spell library was empty.

Inventory:

Hand Weapons
 Y - a +0 war axe (weapon)
Armour
 a - a +1 pair of gloves of dexterity (worn)
 b - a +0 scale mail (worn)
 c - a +0 buckler (worn)
 h - a +0 pair of boots (worn)
Scrolls
 e - a scroll of teleportation {unknown}
 g - a scroll of noise {unknown}
Potions
 d - a potion of might
 f - a potion of degeneration {unknown}

Dungeon Overview and Level Annotations

Branches:
Dungeon (2/15)

Altars:

Annotations:
D:2 Sigmund


Message History

754 ||| Stepping ~*~*~tactically~*~*~ (hiding).
You start waiting.
Sigmund is nearby!
You barely miss Sigmund. Sigmund completely misses you.
You closely miss Sigmund. Sigmund hits you but does no damage.
You slash Sigmund!
Sigmund is moderately wounded.
Sigmund gestures at you while chanting. You resist with significant effort.
You barely miss Sigmund.
Sigmund is moderately wounded.
Sigmund casts a spell at you. The magic dart hits you.
Sigmund mumbles some strange words.
Sigmund flickers and vanishes!
Deactivating autopickup; reactivate with Ctrl-A.
You closely miss something. Something hits you but does no damage.
You miss something. Something hits you but does no damage.
You miss something. Something hits you.
You closely miss something. Something hits you!
768 ||| FLEEEEING.
770 ||| FLEEEEING.
771 ||| FLEEEEING.
772 ||| FLEEEEING.
773 ||| FLEEEEING.
774 ||| FLEEEEING.
A magic dart appears from out of thin air!
The magic dart hits you.
775 ||| FLEEEEING.
776 ||| FLEEEEING.
777 ||| FLEEEEING.
A magic dart appears from out of thin air!
The magic dart hits you!
You die...

#..# ##.###
#..)....(
#...###
##........#
###...##
#.........#
###..#
#........#
##.##
#........# #..#
#........#
##.###........#
#.@##........#
##..#........#
##..........#
##..{r.....#
#......#### ##.
######..# #...
##.####..##
#.........
##.>......


You could see a rat.

Vanquished Creatures
  An adder (D:2)
  A dart slug (D:1)
  2 bats (D:1)
  2 giant cockroaches (D:1)
  3 hobgoblins
  2 kobolds (D:1)
  2 ball pythons (D:1)
  2 rats (D:1)
15 creatures vanquished.

Notes
Turn   | Place    | Note
-------+----------+-------------------------------------------
     0 | D:1      | qw the Gargoyle Fighter began the quest for the Orb.
     0 | D:1      | Reached XP level 1. HP: 14/14 MP: 1/1
     0 | D:1      | 0 ||| qw: Version: 0.2-a-12-gaebbb33
     0 | D:1      | 0 ||| qw: Game counter: 1168
     0 | D:1      | 0 ||| qw: Always use a shield: true
     0 | D:1      | 0 ||| qw: God list: Okawaru
     0 | D:1      | 0 ||| qw: Allow faded altars: false
     0 | D:1      | 0 ||| qw: Do Orc after D:15 true
     0 | D:1      | 0 ||| qw: Do second Lair branch before Depths: true
     0 | D:1      | 0 ||| qw: Lair rune preference: random
     0 | D:1      | 0 ||| qw: Plans: Normal, Zot:1-4, God:TSO, Crypt, Tomb,
                  | Pan, Slime:5, Hells, Abyss, Orb
     0 | D:1      | 0 ||| PLANNING D:1-11
   195 | D:1      | Reached XP level 2. HP: 19/19 MP: 2/2
   277 | D:1      | Found a faded altar of an unknown god.
   567 | D:1      | 567 ||| UPGRADING to +0 pair of boots.
   572 | D:1      | 572 ||| READING scroll labelled TAHEGU ZUOMO.
   573 | D:1      | 573 ||| READING scroll labelled LEFUFE QOLAO.
   573 | D:1      | Identified a scroll of acquirement
   573 | D:1      | 573 ||| ACQUIRING +1 pair of gloves of dexterity
   573 | D:1      | Acquired a +1 pair of gloves of dexterity
   575 | D:1      | 575 ||| UPGRADING to +1 pair of gloves of dexterity.
   580 | D:1      | 580 ||| DRINKING 2 fizzy black potions.
   581 | D:1      | 581 ||| DROPPING potion of brilliance.
   628 | D:2      | 628 ||| Stepping ~*~*~tactically~*~*~ (stealth).
   642 | D:2      | Reached skill level 3 in Axes
   642 | D:2      | Reached XP level 3. HP: 22/23 MP: 3/3
   753 | D:2      | Noticed Sigmund
   754 | D:2      | 754 ||| Stepping ~*~*~tactically~*~*~ (hiding).
   768 | D:2      | 768 ||| FLEEEEING.
   770 | D:2      | 770 ||| FLEEEEING.
   771 | D:2      | 771 ||| FLEEEEING.
   772 | D:2      | 772 ||| FLEEEEING.
   773 | D:2      | 773 ||| FLEEEEING.
   774 | D:2      | 774 ||| FLEEEEING.
   774 | D:2      | HP: 5/23 [something/magic dart (4)]
   775 | D:2      | 775 ||| FLEEEEING.
   776 | D:2      | 776 ||| FLEEEEING.
   777 | D:2      | 777 ||| FLEEEEING.
   777 | D:2      | Killed from afar by Sigmund

Levels and vault maps discovered:
D:1:      wander_arrival_chamber, layout_basic, chequers_ecumenical_altar_twisty
D:2:      layout_basic, uniq_natasha, uniq_terence, uniq_sigmund,
          uniq_crazy_yiuf_cottage

Skill      XL: |  1  2 |
---------------+-------+-----
Axes           | 2 3 |  3.2
Fighting       | |  3.2
Armour         | |  3.2
Shields        | |  3.2

Action                   || total
-------------------------++-------
Melee: War axe           ||    48
  Use: Scroll            ||     2
       Potion            ||     1
Armor: Scale mail        ||    32
Dodge: Dodged            ||    15
Block: Buckler           ||     6

Table legend:
 A = Non-vault XP
 B = Vault XP
 C = Vault XP percentage of total XP
 D = Non-vault monster count
 E = Vault monster count
 F = Vault count percentage of total count
                 A         B        C        D         E       F
            +---------+---------+-------+---------+---------+-------
      Total |      40 |       0 |   0.0 |      15 |       0 |   0.0
            +---------+---------+-------+---------+---------+-------
        D:1 |      24 |       0 |   0.0 |      13 |       0 |   0.0
        D:2 |      16 |       0 |   0.0 |       2 |       0 |   0.0
            +---------+---------+-------+---------+---------+-------
